 Dungeon Crawl Stone Soup version 0.26-a0-812-g31a745ddcd (webtiles) character file.

Game seed: 11373960336492961918

53 kae the Insei (level 3, -1/20 HPs)
             Began as a Tengu Transmuter on Nov 23, 2020.
             Slain by an adder (2 damage)
             ... on level 2 of the Dungeon.
             The game lasted 00:00:55 (1973 turns).

kae the Insei (Tengu Transmuter)                    Turns: 1973, Time: 00:00:56

Health: -1/20      AC:  7    Str: 11    XL:     3   Next: 87%
Magic:  7/7        EV:  9    Int: 13    God:
Gold:   79         SH:  0    Dex: 14    Spells: 2/6 levels left

rFire    . . .     SeeInvis .     - Unarmed
rCold    . . .     Faith    .   (no shield)
rNeg     + . .     Spirit   .   f - +1 scale mail {rN+}
rPois    .         Reflect  .   (helmet restricted)
rElec    .         Harm     .   (no cloak)
rCorr    .         Rampage  .   (no gloves)
MR       .....                  (boots unavailable)
Stlth    ..........             (no amulet)
HPRegen  0.06/turn              (no ring)
MPRegen  0.10/turn              (no ring)

@: lethally poisoned (-1 -> -19)
A: beak, talons 3
a: no special abilities


You were on level 2 of the Dungeon.
You visited 1 branch of the dungeon, and saw 2 of its levels.

You collected 79 gold pieces.

Inventory:

Armour
 a - a +0 robe
 f - a +1 scale mail of positive energy (worn)
Jewellery
 e - an uncursed ring of protection from magic {unknown}
 i - a cursed -4 ring of protection {unknown}
Scrolls
 b - a scroll of immolation {unknown}
 c - 3 scrolls of identify {unknown}
 d - 3 scrolls of teleportation {unknown}
 g - a scroll of remove curse {unknown}
 j - a scroll of noise {unknown}
Potions
 h - a potion of haste {unknown}
 k - a potion of flight {unknown}


   Skills:
 + Level 1.4 Fighting
 + Level 0.8 Armour
 + Level 2.4 Dodging
 * Level 3.8 Unarmed Combat
 + Level 2.2 Spellcasting
 * Level 2.2 Transmutations


You had 2 spell levels left.
You knew the following spells:

 Your Spells              Type           Power        Failure   Level
a - Beastly Appendage     Tmut           #.....       52%         1
b - Spider Form           Tmut/Pois      #.........   96%         3

Your spell library contained the following spells:

 Spells                   Type           Power        Failure   Level
 Wereblood                Tmut           #.......     67%         2
 Ice Form                 Ice/Tmut       #.......     100%        4
 Blade Hands              Tmut           #.........   100%        5


Dungeon Overview and Level Annotations

Branches:
Dungeon (2/15)

Altars:
Ashenzari
Nemelex Xobeh


Innate Abilities, Weirdness & Mutations

You have a beak for a mouth.
You have claws for feet.


Message History

You are lethally poisoned!
The adder poisons you!
You barely miss the adder.
The adder is heavily wounded.
You feel sick. The adder misses you. The adder closely misses you.
You hit the adder. You claw the adder, but do no damage.
The adder is severely wounded.
* * * LOW HITPOINT WARNING * * *
You feel sick. The adder completely misses you.
You closely miss the adder. Your peck misses the adder.
The adder is heavily wounded.
The adder bites you.
* * * LOW HITPOINT WARNING * * *
You are more poisoned.
The adder poisons you!
You hit the adder.
The adder is severely wounded.
* * * LOW HITPOINT WARNING * * *
You feel sick. The adder bites you.
You die...

#. #..##...####
### #. #..###..#
#. #^.# #..#
#.####..#
#..######## #
#.#.....#
#........[.
#.#.###.#
##.########
####.#.###.# #.#
#.<.#......####.#
#.#.⌠.⌠S@....#
#####
#.#.._..######
..... #.#.⌠.⌠.#
#### #.....#.#
##..###.# #.# #
##.####.# #.#
#.##...##..# #.#
#....#)....# #.#
####†(.##.## #.#


You could see an adder.

Vanquished Creatures
  3 worms (D:2)
  2 dart slugs
  A leopard gecko (D:2)
  6 bats
  4 giant cockroaches (D:1)
  2 goblins
  4 hobgoblins
  3 frilled lizards (D:1)
  7 kobolds
  10 rats
42 creatures vanquished.

Notes
Turn   | Place    | Note
-------+----------+-------------------------------------------
     0 | D:1      | kae the Tengu Transmuter began the quest for the Orb.
     0 | D:1      | Reached XP level 1. HP: 12/12 MP: 4/4
   157 | D:1      | Reached XP level 2. HP: 9/16 MP: 4/6
   446 | D:1      | Found a broken altar of Ashenzari.
   821 | D:1      | Reached XP level 3. HP: 20/20 MP: 7/7
   836 | D:1      | Learned a level 3 spell: Spider Form
  1151 | D:2      | HP: 1/20 [worm (7)]
  1931 | D:2      | Found a sparkling altar of Nemelex Xobeh.
  1973 | D:2      | HP: 1/20 [poisoned by an adder]
  1973 | D:2      | Slain by an adder

Illustrated notes

Levels and vault maps discovered:
D:1:      tarquinn_simple_flora_water_b, layout_basic,
          nicolae_ashenzari_panopticon
D:2:      layout_loops_ring, nemelex_xobeh_ov_fountains_minmay

Skill      XL: |  1  2 |
---------------+-------+-----
Transmutations | 2 |  2.2
Fighting       | |  1.4
Armour         | |  0.8
Dodging        | |  2.4
Unarmed Combat | |  3.8
Spellcasting   | |  2.2

Action                   || total
-------------------------++-------
Melee: Unarmed           ||   115
       Peck              ||    21
       Kick              ||    17
       Punch             ||     2
       Headbutt          ||     1
 Cast: Beastly Appendage ||     4
Armor: Robe              ||     8
       Scale mail        ||    28
Dodge: Dodged            ||    54

Table legend: (Time is in decaauts)
 A = Elapsed time spent in this place.
 B = Non-inter-level travel time spent in this place.
 C = Inter-level travel time spent in this place.
 D = Time resting spent in this place.
 E = Time spent auto-exploring this place.
 F = Levels seen in this place.
 G = Mean time per level.
                   A        B        C        D        E       F      G
               +--------+--------+--------+--------+--------+-----+--------+
         Total |   1966 |   1943 |     23 |    498 |   1153 |   2 |  983.0 |
       Dungeon |   1966 |   1943 |     23 |    498 |   1153 |   2 |  983.0 |
               +--------+--------+--------+--------+--------+-----+--------+

Top non-repeatable levels by time:
     D:1: 1486 daAuts
     D:2: 480 daAuts
